 Dungeon Crawl Stone Soup version 0.19.1 (webtiles) character file.

79 smedtjen the Skirmisher (level 4, 0/41 HPs)
             Began as a Hill Orc Abyssal Knight on Dec 13, 2016.
             Was a Follower of Lugonu.
             Slain by an adder (2 damage)
             ... on level 2 of the Dungeon.
             The game lasted 00:03:25 (1992 turns).

smedtjen the Skirmisher (Hill Orc Abyssal Knight)   Turns: 1992, Time: 00:03:26

Health: 0/41       AC:  4    Str: 14    XL:     4   Next: 38%
Magic:  5/5        EV: 10    Int: 12    God:    Lugonu [*.....]
Gold:   171        SH:  3    Dex: 11    Spells: 0 memorised, 3 levels left

rFire  + . .     SeeInvis .     a - +1 hand axe
rCold  + . .     Gourm    .     b - +0 leather armour
rNeg   . . .     Faith    .     l - +0 buckler
rPois  +         Spirit   .     (no helmet)
rElec  +         Reflect  .     (no cloak)
rCorr  +         Harm     .     g - +0 pair of gloves
MR     .....                    (no boots)
Stlth  +.........               (no amulet)
                                (no ring)
                                (no ring)

@: lethally poisoned (0 -> -1), resistant
A: no striking features
a: Depart the Abyss, Renounce Religion


You were on level 2 of the Dungeon.
You worshipped Lugonu.
Lugonu was aware of your devotion.
You were not hungry.

You visited 1 branch of the dungeon, and saw 2 of its levels.
You visited the Abyss 1 time.

You collected 171 gold pieces.

Inventory:

Hand Weapons
 a - a +1 hand axe (weapon)
Missiles
 e - 3 javelins (quivered)
Armour
 b - a +0 leather armour (worn)
 g - a +0 pair of gloves (worn)
 l - a +0 buckler (worn)
 n - a +2 cloak
Jewellery
 h - an uncursed amulet of harm {unknown}
Potions
 k - a potion of beneficial mutation {unknown}
Comestibles
 c - 3 bread rations
 f - a meat ration


   Skills:
 + Level 4.7 Fighting
 + Level 3.9 Axes
 + Level 2.9 Armour
 + Level 1.0 Dodging
 + Level 0.2 Shields
 + Level 2.5 Invocations


You had 3 spell levels left.
You didn't know any spells.

Dungeon Overview and Level Annotations

Branches:
Dungeon (2/15)

Altars:
Dithmenos


Message History

You feel sick. The adder closely misses you.
You feel sick. The adder bites you but does no damage.
You feel sick. The adder barely misses you.
You feel sick.
You feel sick. The adder bites you.
* * * LOW HITPOINT WARNING * * *
The adder closely misses you.
You feel sick. The adder barely misses you.
You feel sick. The adder bites you.
* * * LOW HITPOINT WARNING * * *
You aren't carrying any spellbooks or scrolls.
It was a potion of resistance.
You feel protected.
* * * LOW HITPOINT WARNING * * *
You feel sick. The adder bites you but does no damage.
You aren't carrying any spellbooks or scrolls.
The adder bites you.
You die...

....##.#### ######.#
# #.# #.#########
#.#.....†.#
#.#.#####.#
######.#.#####.#
............##.#####
#####
#####....##....(@S.#
#....
#.....#####.###.#
#.### ##....#####.#
#.# ##.###
##.#.......###.#
#.....
#.######......#
#.<... #.# #.####.#
#.###. # ##'##
#.####.# #..... #
##...## #.##...#
###### # ##.....##
#.##.#.# ####


You could see an adder.

Vanquished Creatures
  A gnoll (D:1)
  4 adders (D:2)
  A dart slug (D:2)
  A leopard gecko (D:2)
  A ball python (D:2)
  2 bats (D:1)
  A giant cockroach (D:1)
  3 goblins
  4 hobgoblins
  2 jackals (D:2)
  6 kobolds (D:2)
  2 frilled lizards
  3 rats
31 creatures vanquished.

Notes
Turn   | Place    | Note
-------+----------+-------------------------------------------
     0 | Abyss:1  | smedtjen the Hill Orc Abyssal Knight began the quest for the Orb.
     0 | Abyss:1  | Reached XP level 1. HP: 19/19 MP: 2/2
    62 | Abyss:1  | Noticed a large abomination
    64 | D:1      | Escaped the Abyss
   230 | D:1      | Reached skill level 4 in Fighting
   230 | D:1      | Reached XP level 2. HP: 13/27 MP: 3/3
   590 | D:1      | Reached * piety under Lugonu
   882 | D:2      | Reached XP level 3. HP: 31/34 MP: 4/4
   969 | D:2      | Reached skill level 1 in Dodging
  1377 | D:2      | Reached XP level 4. HP: 23/41 MP: 5/5
  1818 | D:2      | Found a faded altar of an unknown god.
  1818 | D:2      | Found a faded altar of an unknown god.
  1825 | D:2      | Found a faded altar of an unknown god.
  1827 | D:2      | Found a faded altar of an unknown god.
  1828 | D:2      | Found a shadowy altar of Dithmenos.
  1990 | D:2      | HP: 2/41 [poisoned by an adder]
  1992 | D:2      | Slain by an adder

Skill      XL: |  1  2  3 |
---------------+----------+-----
Axes           | 3 |  3.9
Fighting       | 4 |  4.7
Dodging        | 1 |  1.0
Armour         | |  2.9
Shields        | |  0.2
Invocations    | |  2.5

Action                   |  1- 3 |  4- 6 || total
-------------------------+-------+-------++-------
Melee: Hand axe          |    75 |    38 ||   113
Throw: Javelin           |       |     1 ||     1
Invok: Depart the Abyss  |     1 |       ||     1
  Use: Scroll            |     4 |       ||     4
       Potion            |       |     1 ||     1
  Eat: Chunk             |     1 |       ||     1
       Meat ration       |       |     1 ||     1
Armor: Leather armour    |    32 |    17 ||    49
Dodge: Dodged            |    38 |    23 ||    61
Block: Buckler           |     6 |     3 ||     9
